AoeStats
← AmateurDoctor

Arabia

505127153Analyzed
1v1 RM · 25d ago on Sep 8, 2026· 46m 41s· 2 players
Game mode
Random Map
Map size
Tiny (2 player)
Population
200
Speed
Normal
Resources
Standard
Victory
Conquest
Starting age
Dark Age
Ending age
Imperial Age
RankedLock teamsTeams togetherTeam positionsShared explorationLock speedFull tech treeHidden civsTurbo modeCheats
Victory
Defeat
🇺🇸 Gurjaras · United States
840
+16
🇺🇸 Berbers · United States
831
-16
AmateurDoctor
7:08 Loom
9:47 Feudal Age
10:41 Double-Bit Axe
12:28 Horse Collar
15:01 Forging
16:52 Scale Barding Armor
18:40 Bloodlines
18:24 Gold Mining
26:26 Castle Age
26:23 Stone Mining
27:20 Husbandry
26:41 Light Cavalry
28:00 Iron Casting
27:48 Chain Barding Armor
30:08 Iron Casting
30:47 Wheelbarrow
30:30 Pikeman
31:30 Heavy Plow
38:37 Squires
38:38 Arson
38:58 Scale Mail Armor
40:42 Kasbah
40:42 Fletching
46:08 Imperial Age
44:32 Bodkin Arrow
44:37 Padded Archer Armor
45:01 Ballistics
croryross
5:30 Loom
11:06 Feudal Age
12:01 Double-Bit Axe
14:18 Bloodlines
14:57 Horse Collar
16:54 Wheelbarrow
16:46 Scale Barding Armor
18:47 Forging
23:31 Castle Age
21:33 Gold Mining
24:26 Heavy Plow
24:52 Husbandry
25:17 Bow Saw
26:21 Chain Barding Armor
26:37 Iron Casting
26:51 Hand Cart
27:00 Town Watch
30:24 Scale Mail Armor
32:07 Gold Shaft Mining
38:19 Chain Mail Armor
37:54 Fletching
41:11 Imperial Age
41:23 Bodkin Arrow
43:00 Ballistics
42:51 Heavy Camel Rider
44:18 Plate Barding Armor
43:44 Bracer
45:00 Elite Chakram Thrower
46:25 Crop Rotation
Connection lost

Rejoining the realm…

Still unreachable

The connection could not be restored.

Session expired

The server has moved on; the page needs a fresh start.